Map: Ciudad Esmeralda EE

Players

MrFercho - Winner!

  • Race: Zerg Zerg
  • League: Silver
  • Spawn Location: 11:00

tigro - Winner!

  • Race: Terran Terran
  • League: Bronze
  • Spawn Location: 11:00

likewater

  • Race: Terran Terran
  • League: Silver
  • Spawn Location: 5:00

SHEYLA

  • Race: Protoss Protoss
  • Spawn Location: 5:00

VOD

Have the link to the VOD?

Description

Time

  • Played on: June 12, 2020, 10:37 p.m.
  • Length: 17:23
Show
View Real Time Build Order
Export as new Build Order

MrFercho Zerg - Winner!

Build Orders: Hatch First, Roach Hydra 

Get SALT Encoding   

  12  0:01  Drone  
  13  0:13  Overlord  
  13  0:17  Drone  
  14  0:32  Drone  
  14  0:33  Drone  
  14  0:35  Drone  
  17  0:50  Drone  
  18  1:01  Hatchery  
  18  1:03  Drone  
  18  1:07  Drone  
  19  1:20  Spawning Pool, Drone  
  19  1:28  Extractor  
  19  1:29  Drone  
  19  1:39  Drone  
  20  1:55  Overlord  
  20  2:01  Overlord  
  20  2:14  Drone x2  
  22  2:16  Queen x2  
  22  2:22  Drone  
  27  2:24  Drone  
  28  2:41  Drone x2  
  31  2:44  Drone  
  31  2:45  Drone  
  32  3:04  Drone x2  
  32  3:05  Drone  
  35  3:10  Lair  
  35  3:16  Evolution Chamber  
  35  3:19  Drone x3  
  37  3:20  Roach Warren  
  37  3:24  Queen  
  38  3:31  Overlord  
  38  3:33  Drone  
  39  3:38  Hatchery  
  38  3:47  Drone x4  
  38  3:48  Drone x2  
  44  3:55  Extractor x2  
  42  4:05  Zerg Missile Weapons Level 1  
  42  4:09  Extractor  
  41  4:10  Drone  
  41  4:11  Drone x2  
  41  4:12  Drone x3  
  47  4:31  Drone x2  
  47  4:32  Drone  
  47  4:36  Drone x2  
  52  4:39  Overlord x3  
  52  4:45  Overseer  
  52  4:50  Hydralisk Den  
  52  4:52  Roach x3  
  57  5:00  Overseer  
  57  5:12  Spine Crawler  
  56  5:14  Roach  
  56  5:15  Roach x5  
  56  5:16  Roach  
  56  5:17  Drone  
  71  5:28  Grooved Spines, Evolution Chamber  
  71  5:31  Drone x2  
  72  5:51  Drone  
  72  5:52  Drone x3  
  76  5:57  Drone x4  
  80  6:04  Zerg Missile Weapons Level 2  
  80  6:05  Zerg Ground Armor Level 1  
  80  6:14  Hatchery  
  80  6:17  Drone  
  80  6:18  Drone x2  
  82  6:39  Muscular Augments  
  82  6:41  Overlord x7  
  82  6:42  Overlord x2  
  82  6:54  Hatchery, Drone  
  82  7:02  Overseer  
  82  7:10  Hydralisk  
  82  7:11  Hydralisk x11  
  106  7:35  Infestation Pit  
  106  7:36  Glial Reconstitution  
  105  8:05  Spine Crawler  
  104  8:06  Spine Crawler  
  104  8:07  Spore Crawler  
  104  8:08  Hatchery  
  101  8:15  Drone x18, Extractor  
  101  8:16  Drone x3  
  101  8:17  Extractor  
  120  8:27  Hive  
  120  8:29  Zerg Ground Armor Level 2  
  120  9:18  Extractor  
  120  9:19  Extractor  
  118  9:32  Queen  
  118  9:39  Hydralisk  
  118  9:40  Hydralisk x21  
  162  9:54  Overlord  
  162  9:55  Overlord x6  
  162  9:56  Overlord  
  162  10:11  Drone x2  
  164  10:21  Drone x2  
  164  10:22  Drone x11  
  164  10:23  Drone  
  178  10:40  Hatchery  
  177  10:55  Spine Crawler  
  177  10:56  Spine Crawler  
  175  11:07  Hydralisk x12  
  197  11:35  Drone x2  
  197  11:37  Hydralisk  
  197  12:02  Zerg Ground Armor Level 3, Zerg Missile Weapons Level 3  
  197  12:07  Hydralisk  
  197  12:08  Hydralisk, Spire  
  198  12:21  Spire  
  189  12:23  Ultralisk Cavern  
  189  12:29  Lurker Den, Hydralisk x13  
  185  12:53  Queen  
  185  13:05  Overseer  
  177  13:25  Mutalisk x9  
  177  13:26  Mutalisk x8  
  179  13:43  Hatchery  
  179  13:46  Extractor  
  171  13:49  Extractor  
  150  14:18  Hydralisk x12  
  150  14:19  Hydralisk x12  
  178  14:30  Pneumatized Carapace  
  170  14:32  Hydralisk x3  
  168  14:41  Ultralisk  
  164  15:17  Greater Spire  
  164  15:22  Zerg Flyer Weapons Level 1  
  164  15:26  Hydralisk  
  164  15:27  Hydralisk x14  
  174  15:52  Anabolic Synthesis  
  174  15:53  Adaptive Talons  
  174  16:20  Hydralisk  
  174  16:21  Hydralisk x12  
Show
View Real Time Build Order
Export as new Build Order

tigro Terran - Winner!

Build Orders:  

Get SALT Encoding   

  12  0:03  SCV  
  13  0:15  SCV  
  14  0:27  SCV, Supply Depot  
  15  0:33  Refinery  
  15  0:49  SCV  
  16  0:53  Barracks  
  16  1:03  SCV  
  17  1:15  SCV  
  17  1:17  Refinery  
  18  1:27  SCV  
  18  1:28  Supply Depot  
  20  1:40  SCV  
  20  1:41  Marine  
  21  1:52  SCV  
  22  1:59  Marine, Barracks  
  23  2:04  SCV  
  24  2:17  Marine  
  25  2:25  SCV  
  26  2:32  Engineering Bay  
  26  2:34  Marine  
  27  2:43  SCV  
  28  2:49  Factory, Barracks Tech Lab  
  28  2:52  Marine  
  29  3:10  Missile Turret  
  29  3:13  Barracks Tech Lab  
  29  3:14  Combat Shield  
  29  3:21  Terran Infantry Weapons Level 1  
  29  3:34  Orbital Command  
  29  3:48  Stimpack  
  29  3:52  Factory Tech Lab  
  29  3:55  Command Center  
  29  4:12  Missile Turret  
  29  4:33  Concussive Shells  
  29  4:45  Starport  
  29  5:03  Marine x2  
  31  5:08  Refinery  
  31  5:11  SCV  
  32  5:15  Terran Infantry Armor Level 1  
  32  5:20  Marine  
  32  5:21  Marine  
  34  5:23  SCV  
  35  5:29  Refinery  
  35  5:38  Marine x2  
  35  5:40  SCV  
  38  5:48  Medivac  
  40  5:52  SCV  
  40  5:56  Marine x2  
  43  6:00  Fusion Core  
  43  6:04  SCV  
  44  6:14  Marine x2  
  44  6:16  SCV  
  47  6:28  SCV  
  47  6:32  Siege Tank  
  51  6:36  Missile Turret  
  51  6:39  Starport Tech Lab  
  51  6:40  SCV  
  52  6:53  SCV  
  53  6:56  Missile Turret, Weapon Refit  
  53  7:05  SCV  
  49  7:09  Neosteel Armor  
  42  7:17  SCV  
  42  7:19  Missile Turret  
  40  7:29  SCV  
  41  7:46  Missile Turret  
  41  7:54  SCV  
  42  8:06  SCV  
  43  8:19  SCV  
  44  8:20  Missile Turret  
  44  8:43  Missile Turret  
  44  8:49  Hi-Sec Auto Tracking  
  44  8:57  Battlecruiser  
  44  8:59  Missile Turret  
  50  9:11  Armory  
  50  9:14  Missile Turret  
  50  9:19  Marine x2  
  52  9:37  Marine x2  
  54  9:55  Marine  
  55  10:01  Battlecruiser  
  55  10:06  Missile Turret  
  61  10:29  Missile Turret  
  61  10:33  Supply Depot  
  61  10:35  Command Center  
  61  10:50  Rapid Reignition System  
  61  10:51  Missile Turret  
  61  10:56  Supply Depot  
  61  11:04  SCV  
  62  11:06  Battlecruiser  
  68  11:12  Missile Turret  
  68  11:19  Supply Depot  
  68  11:28  Marine x2  
  68  11:32  Thor  
  76  11:46  Advanced Ballistics, Marine x2  
  62  12:03  Marine  
  62  12:04  Marine  
  52  12:15  Thor  
  52  12:17  Infernal Pre-Igniter  
  52  12:21  Marine x2  
  60  12:26  Terran Infantry Weapons Level 2  
  60  12:30  Terran Vehicle Weapons Level 1  
  60  12:39  Marine x2  
  60  12:44  SCV  
  63  12:51  Refinery  
  63  12:56  SCV  
  63  12:57  Marine x2  
  66  13:00  Medivac  
  68  13:08  SCV  
  69  13:15  Marine x2  
  71  13:20  SCV  
  71  13:22  Refinery  
  72  13:30  Medivac  
  72  13:32  SCV  
  75  13:36  Mag-Field Accelerator  
  74  14:24  Terran Vehicle And Ship Armor Level 1  
  68  14:42  Terran Infantry Armor Level 2  
  68  14:45  Marine x2  
  70  14:58  Battlecruiser  
  73  15:03  Marine x2  
  73  15:15  Drilling Claws  
  73  15:20  Marine  
  73  15:21  Marine  
  62  15:23  Thor  
  67  15:38  Marine x2  
  69  15:56  Marine x2  
  61  16:02  Battlecruiser  
  67  16:05  Thor  
  63  16:36  Marine x2  
  65  16:54  Marine x2  
Show
View Real Time Build Order
Export as new Build Order

likewater Terran 

Build Orders:  

Get SALT Encoding   

  12  0:07  SCV  
  13  0:21  Supply Depot  
  13  0:41  SCV  
  14  0:45  Barracks  
  14  0:53  SCV  
  15  1:05  SCV  
  16  1:17  SCV  
  17  1:18  Refinery  
  17  1:29  SCV  
  18  1:34  Supply Depot  
  18  1:41  SCV  
  19  1:50  Refinery  
  19  1:51  Marine  
  19  1:53  SCV  
  21  2:01  Engineering Bay  
  21  2:05  SCV  
  22  2:17  Barracks Reactor, SCV  
  23  2:25  Command Center  
  24  2:30  SCV  
  24  2:42  SCV  
  24  2:43  Factory  
  25  2:51  Missile Turret  
  25  2:55  SCV  
  25  2:58  Marine x2  
  28  3:13  Orbital Command  
  28  3:19  Marine x2  
  30  3:31  Factory Tech Lab  
  30  3:32  Starport  
  30  3:42  Missile Turret  
  30  3:45  Marine x2  
  30  3:47  Barracks  
  32  4:10  Medivac  
  32  4:12  Siege Tank  
  32  4:13  Starport  
  32  4:15  SCV  
  38  4:27  SCV  
  38  4:28  SCV  
  40  4:40  SCV  
  40  4:41  SCV, Barracks Tech Lab  
  42  4:47  Missile Turret, Liberator  
  45  4:56  Starport Reactor  
  45  5:07  SCV  
  45  5:13  Supply Depot  
  46  5:15  Terran Infantry Weapons Level 1  
  46  5:16  Supply Depot  
  46  5:23  Stimpack  
  46  5:35  SCV x2, Marine x3, Widow Mine  
  53  5:38  Supply Depot  
  53  5:41  Refinery  
  53  5:44  Refinery  
  53  5:50  Starport Tech Lab  
  53  5:51  Viking x2  
  53  5:53  Marine  
  58  5:57  Marine  
  58  5:58  Marine  
  60  6:09  Siege Tank  
  60  6:10  Marine  
  64  6:24  SCV x2  
  66  6:36  SCV  
  67  6:40  SCV  
  68  6:48  SCV  
  68  6:49  Command Center  
  68  6:53  SCV  
  65  7:30  Siege Tank  
  65  7:32  Viking  
  70  7:40  Supply Depot  
  70  7:42  Supply Depot  
  70  7:43  Supply Depot  
  70  7:45  Missile Turret  
  70  8:00  Viking x2, SCV x2  
  76  8:05  SCV  
  76  8:10  Missile Turret  
  78  8:12  SCV  
  78  8:18  Liberator  
  81  8:21  SCV x2  
  81  8:24  SCV  
  84  8:30  Medivac  
  84  8:33  SCV  
  87  9:02  Missile Turret  
  87  9:06  Missile Turret  
  87  9:09  Missile Turret  
  78  10:04  Sensor Tower  
  78  10:05  SCV x2  
  80  10:07  Siege Tank  
  80  10:09  Starport  
  80  10:11  Liberator x2  
  89  10:14  SCV  
  89  10:17  SCV x2  
  92  10:21  Command Center  
  92  10:26  SCV  
  93  10:29  SCV  
  93  10:30  SCV  
  95  10:38  SCV, Bunker  
  95  10:39  Siege Tank  
  95  10:41  SCV  
  100  10:43  Refinery  
  100  10:47  Marine x3  
  103  10:54  Armory  
  103  10:57  Armory  
  103  11:04  Marine  
  103  11:05  Marine x2  
  103  11:07  Orbital Command  
  106  11:11  Siege Tank  
  109  11:24  Terran Infantry Armor Level 1  
  109  11:26  Sensor Tower  
  109  11:27  Supply Depot  
  109  11:28  Supply Depot  
  109  11:29  Marine  
  109  11:30  Supply Depot  
  109  11:36  Planetary Fortress  
  103  12:08  Marine x2  
  103  12:09  Marine  
  103  12:10  Thor  
  112  12:26  Marine  
  76  12:54  Siege Tank  
  76  12:57  Liberator x3  
  76  12:58  Liberator  
  90  12:59  Marine x3  
  90  13:10  Missile Turret  
  90  13:17  Marine x3  
  85  13:26  Siege Tank  
  79  13:35  Marine x3  
  78  13:52  Marine  
  77  13:58  Siege Tank  
  75  14:07  Factory  
  75  14:08  Factory  
  75  14:10  Terran Vehicle Weapons Level 1  
  75  14:13  Terran Vehicle And Ship Armor Level 1  
  53  14:28  Marine x3  
  53  14:30  Siege Tank  
  51  14:35  Viking  
  51  14:36  Viking x3  
  55  14:46  Marine x3  
  39  15:02  Cyclone  
  39  15:03  Marine  
  39  15:04  Marine x2  
  39  15:05  Viking  
  39  15:06  Viking x3, Missile Turret  
  38  15:21  Marine x3  
  38  15:34  Cyclone  
  36  15:35  Viking x2  
  36  15:36  Viking x2  
  36  15:39  Marine x3  
  43  15:50  Missile Turret  
  43  15:57  Marine x3  
  44  16:05  Viking x2  
  44  16:06  Viking x2, Thor  
  44  16:10  Missile Turret  
  58  16:15  Marine x3  
  61  16:23  Refinery  
  61  16:32  Marine  
  61  16:33  Marine x2  
  61  16:35  Viking  
  66  16:49  Siege Tank  
  66  16:50  Marine x3  
Show
View Real Time Build Order
Export as new Build Order

SHEYLA Protoss 

Build Orders: Cannon Rush 

Get SALT Encoding   

  12  0:00  Probe  
  13  0:19  Probe  
  14  0:21  Pylon  
  14  0:31  Probe  
  15  0:41  Pylon  
  15  0:43  Probe  
  16  0:55  Probe  
  17  1:02  Forge  
  17  1:07  Probe  
  17  1:09  Gateway  
  18  1:16  Assimilator  
  18  1:45  Photon Cannon  
  18  1:48  Photon Cannon  
  18  1:58  Photon Cannon  
  18  2:06  Cybernetics Core  
  18  2:14  Assimilator  
  18  2:18  Zealot  
  20  2:28  Pylon  
  20  2:30  Pylon  
  20  2:36  Probe  
  21  2:45  Probe, Warp Gate  
  22  2:53  Probe  
  23  3:01  Probe  
  24  3:12  Probe  
  24  3:16  Nexus  
  25  3:23  Pylon  
  25  3:42  Pylon  
  25  3:55  Photon Cannon  
  25  3:56  Photon Cannon  
  27  4:03  Sentry  
  27  4:15  Photon Cannon  
  27  4:17  Photon Cannon  
  27  4:23  Shield Battery  
  27  4:27  Probe  
  28  4:35  Probe  
  28  4:39  Stalker  
  28  4:40  Probe, Protoss Air Weapons Level 1  
  28  4:44  Probe  
  32  4:48  Probe  
  32  4:52  Probe  
  34  4:58  Probe  
  35  5:00  Probe  
  37  5:10  Probe  
  38  5:22  Probe  
  38  5:24  Stargate  
  38  5:27  Twilight Council  
  39  5:28  Gateway  
  39  5:32  Gateway  
  39  5:34  Probe  
  40  5:38  Gateway  
  40  5:43  Gateway  
  40  5:45  Probe  
  41  5:53  Probe  
  42  6:01  Probe  
  42  6:02  Assimilator  
  42  6:03  Probe  
  43  6:08  Charge  
  43  6:11  Probe  
  44  6:13  Probe  
  44  6:18  Void Ray  
  50  6:19  Probe  
  50  6:25  Probe  
  52  6:30  Probe  
  53  6:34  Assimilator  
  53  6:37  Probe  
  54  6:42  Probe  
  55  6:49  Probe  
  55  6:50  Pylon  
  56  7:01  Void Ray, Probe  
  61  7:08  Stargate x2  
  61  7:12  Stargate  
  61  7:19  Stargate  
  61  7:43  Void Ray  
  65  7:53  Assimilator  
  65  7:54  Void Ray x2  
  65  7:57  Assimilator  
  73  8:05  Pylon  
  73  8:06  Protoss Ground Weapons Level 1  
  73  8:09  Pylon  
  73  8:26  Probe  
  74  8:34  Probe, Void Ray  
  79  8:43  Probe  
  81  8:55  Probe  
  81  9:07  Probe  
  82  9:38  Nexus  
  82  9:49  Nexus  
  82  9:51  Void Ray x2  
  82  9:52  Void Ray x2  
  98  9:58  Zealot x2, Photon Cannon  
  98  9:59  Photon Cannon  
  102  10:05  Photon Cannon  
  102  10:06  Photon Cannon  
  102  10:08  Photon Cannon  
  102  10:14  Pylon x2  
  102  10:15  Protoss Ground Armor Level 1  
  102  10:22  Pylon  
  102  10:27  Photon Cannon  
  102  10:28  Pylon  
  102  10:30  Pylon x2, Photon Cannon  
  102  10:36  Zealot x2  
  102  10:37  Zealot x2  
  102  10:41  Void Ray x3  
  122  11:08  Pylon  
  122  11:10  Probe  
  122  11:11  Pylon  
  122  11:18  Probe  
  124  11:28  Probe  
  125  11:39  Pylon  
  125  11:40  Probe  
  125  11:41  Pylon  
  125  11:44  Pylon  
  126  11:49  Pylon  
  126  11:52  Probe  
  127  11:59  Protoss Air Armor Level 1  
  97  12:23  Protoss Ground Weapons Level 2  
  57  12:38  Zealot x3  
  57  12:39  Zealot x2  
  57  12:50  Void Ray  
  55  12:53  Void Ray x3  
  66  13:06  Zealot x2  
  66  13:07  Zealot x3  
  65  13:24  Zealot x4  
  72  13:30  Zealot  
  72  13:33  Void Ray  
  78  13:36  Void Ray  
  54  14:13  Void Ray  
  54  14:29  Void Ray  
  54  14:32  Void Ray  
  54  14:55  Pylon  
  54  14:56  Pylon  
  54  14:58  Pylon  
  54  15:04  Void Ray  
  50  15:08  Void Ray  
  50  15:09  Void Ray  
  54  15:18  Probe  
  55  16:20  Void Ray  
Tags
 
Add a new tag
Caveats
  • Supply blocks, unpowered buildings, or Contaminate may cause inaccurate times.
  • Supply counts are checked every 10 seconds.